cohdb
Replays
Latest Replays
All Replays
Popular Replays
Top Player Replays
Match Explorer
How It Works
Community
CoH3 Stats
Reddit
Sign in to upload your games and track your stats! →
Sign in with Steam
Match 45263936
Unlisted
Match 45263936
Overview
Messages
Build Orders
End
Selects Battlefield Espionage Battlegroup
Kradschützen Motorcycle Team
Panzergrenadier Squad
Panzergrenadier Squad
Panzergrenadier Squad
Selects 250/3 Funkpanzerwagen
Construct Light Support Kompanie
2.5-tonne Medical Truck
Selects Intel Disruption Beacon
Fire Support Elements
Flakvierling Half-track
250/3 Funkpanzerwagen
Panzerjäger Mechanized Group
Panzerjäger Squad
Selects Plunder
2.5-tonne Medical Truck
2.5-tonne Medical Truck
Panzerjäger Squad
Selects Advanced Ambush Training
Selects Disruption Operation
Roosevelt's cat
Sieg oder Sibirien
Gott mit Uns
GruZ
Karma
Zero Ambition
0
0
Comments
sign in to comment!
No comments posted yet!